 Dungeon Sprint DCSS version 0.27-a0-1434-g6f15984924 (webtiles) character file.

Game seed: 3652479388416290015

19606 mhtbhm the Executioner (level 12, -10/195 HPs)
             Began as a Minotaur Berserker on July 3, 2021.
             Was the Champion of Trog.
             Mangled by a death cob (24 damage)
             ... in the Dungeon (Sprint VII: "The Pits").
             The game lasted 00:04:32 (3082 turns).

mhtbhm the Executioner (Minotaur Berserker)         Turns: 3082, Time: 00:04:33

Health: -10/195    AC: 18    Str: 27    XL:     12   Next: 38%
Magic:  9/9        EV: 14    Int:  4    God:    Trog [******]
Gold:   13         SH:  5    Dex: 10    Spells: 11/11 levels left

rFire    . . .     SeeInvis +   a - +5 broad axe of the Immovable Bounties {flame, rElec}
rCold    . . .     Faith    .   (no shield)
rNeg     . . .     Spirit   .   b - +4 scale mail
rPois    +         Reflect  +   (helmet restricted)
rElec    +         Harm     .   q - +0 cloak
rCorr    .         Rampage  .   p - +0 pair of gloves
Will     .....     NoTele   +   (no boots)
Stlth    ..........             u - amulet of reflection
HPRegen  0.42/turn              x - ring of poison resistance
MPRegen  0.11/turn              v - ring of see invisible

@: berserking, slowed
A: horns 2, retaliatory headbutt, low mp 1
a: Renounce Religion, Berserk, Trog's Hand, Brothers in Arms


You were in the Dungeon.
You worshipped Trog.
Trog was exalted by your worship.
You visited 1 branch You collected 13 gold pieces.

Inventory:

Hand Weapons
 a - the +5 broad axe of the Immovable Bounties (weapon) {flame, rElec}
   (Trog gifted it to you in the Dungeon)

   It has been specially enchanted to burn those struck by it, causing extra
   injury to most foes and up to half again as much damage against particularly
   susceptible opponents.
   Big, fiery blades are also staple armaments of hydra-hunters.
   rElec:     It insulates you from electricity.
Missiles
 k - 2 throwing nets
 r - 2 curare-tipped darts (quivered)
Armour
 b - a +4 scale mail (worn)
 p - a +0 pair of gloves (worn)
 q - a +0 cloak (worn)
Jewellery
 u - an amulet of reflection (around neck)
 v - a ring of see invisible (right hand)
 x - a ring of poison resistance (left hand)
Scrolls
 h - 3 scrolls of blinking
 j - a scroll of summoning
 s - 8 scrolls of enchant armour
 t - 4 scrolls of enchant weapon
 w - a scroll of identify
Potions
 c - 8 potions of curing
 d - 11 potions of heal wounds
 e - 2 potions of haste
 f - 4 potions of magic
 g - 6 potions of berserk rage
 i - 2 potions of invisibility
 n - 2 potions of resistance
 o - 2 potions of mutation
 z - a potion of might
 A - a potion of attraction


   Skills:
 + Level 19.5 Fighting
 + Level 21.6 Axes
 + Level 17.5 Armour
 + Level 11.5 Dodging
 + Level 3.2 Stealth
 + Level 0.9 Shields


You had 11 spell levels left.
You didn't know any spells.
Your spell library was empty.

Dungeon Overview and Level Annotations

Branches:
Dungeon (1/1)

Altars:
Gozag
Hepliaklqana
Sif Muna
Trog
Jiyva


Innate Abilities, Weirdness & Mutations

You have a pair of horns on your head.
You reflexively headbutt those who attack you in melee.
Your magical capacity is low. (-10% MP)


Message History

You open the sphinx like a pillowcase!!!
You burn the sphinx!
You kill the sphinx!
Trog accepts your kill.
Trog appreciates your killing of a magic user.
You slash the death cob! You burn the death cob.
The death cob closely misses you.
The purple draconian shifter hits your cyclops with a +1 flail of draining!
The purple draconian shifter drains your cyclops.
Your cyclops hits the purple draconian shifter!!
You barely miss the death cob. You slash the death cob! You burn the death cob.
The death cob hits you! x2; The death cob drains your vigour!
You feel yourself slow down.
You slice the death cob!! You burn the death cob!
The death cob is moderately damaged.
You completely miss the death cob. The death cob closely misses you.
The death cob barely misses you.
The purple draconian shifter breathes dispelling energy at you.
The bolt of dispelling energy hits your cyclops!!!
Your cyclops dies!
Your cyclops's corpse disappears in a puff of smoke!
The bolt of dispelling energy hits you!!
Your magical effects are unravelling.
* * * LOW HITPOINT WARNING * * *
You block the death cob's attack. The death cob hits you!
* * * LOW HITPOINT WARNING * * *
You slash the death cob! You burn the death cob.
Your headbutt misses the death cob.
The death cob is heavily damaged.
You closely miss the death cob.
You feel yourself speed up. The death cob hits you!
* * * LOW HITPOINT WARNING * * *
The death cob drains your vigour!
You feel yourself slow down. The death cob hits you!!
* * * LOW HITPOINT WARNING * * *
The death cob drains your vigour!
You feel as though you will be slow longer.
You block the death cob's attack. The death cob hits you!!
You die...

##########..#....#..
........''..........
........''..........
###+##..##..#....#..
#..##.......... #..##..........
#..####')####++
#..####q'####++#########
#..##.z@...##...........
##########..##.#z##.##.....).....
............##.#|}f.##..#########
............## ':}# ##..#
#''########## #))' #..#
#''########## +))#. #..#
........##..# ##+#. #..#
.#......##..# ##..# ........''..#
#..#


You could see a purple draconian shifter and 2 death cobs.

Vanquished Creatures
  A sphinx (D)
  A vampire knight (D)
  An eidolon (D)
  A boulder beetle (D)
  Harold (D)
  Erica (D)
  An alligator (D)
  A spriggan berserker (D)
  A sixfirhy (D)
  A sea snake (D)
  A deep troll (D)
  3 bog bodies (D)
  A flayed ghost (D)
  A phantasmal warrior (D)
  2 lindwurms (D)
  An orc knight (D)
  A deep elf zephyrmancer (D)
  A guardian serpent (D)
  A merfolk siren (D)
  A gargoyle (D)
  A smoke demon (D)
  2 kobold demonologists (D)
  A demonic crawler (D)
  A freezing wraith (D)
  A red devil (D)
  A polar bear (D)
  4 blink frogs (D)
  A flying skull (D)
  A ynoxinul (D)
  A neqoxec (D)
  3 vampire mosquitoes (D)
  Menkaure (D)
  A steam dragon (D)
  A chaos spawn (D)
  A water moccasin (D)
  A sky beast (D)
  A black bear (D)
  An ice beast (D)
  A necrophage (D)
  4 orc warriors (D)
  2 ogres (D)
  A wolf (D)
  3 kobold brigands (D)
  A bullfrog (D)
  A scorpion (D)
  2 small abominations (D)
  A hound (D)
  An iron imp (D)
  An adder (D)
  2 ufetubi (D)
  6 orcs (D)
  A ball python (D)
  A bat zombie (D)
  2 goblins (D)
  2 kobolds (D)
  A quokka (D)
  A ball python zombie (D)
  2 bats (D)
  2 frilled lizards (D)
  A giant cockroach simulacrum (D)
  A giant cockroach zombie (D)
  A rat (D)
88 creatures vanquished.

Vanquished Creatures (collateral kills)
  A wizard (D)
  A red devil (D)
  6 dream sheep (D)
8 creatures vanquished.

Grand Total: 96 creatures vanquished

Notes
Turn   | Place    | Note
-------+----------+-------------------------------------------
     0 | D        | mhtbhm the Minotaur Berserker began the quest for the Orb.
     0 | D        | Reached XP level 1. HP: 19/19 MP: 0/0
    51 | D        | Reached skill level 4 in Axes
    51 | D        | Reached ** piety under Trog
    75 | D        | Reached *** piety under Trog
    76 | D        | Reached XP level 2. HP: 19/28 MP: 1/1
    77 | D        | Reached skill level 5 in Fighting
    77 | D        | Reached skill level 5 in Axes
   206 | D        | Noticed an ice beast
   206 | D        | Noticed Menkaure
   207 | D        | Noticed an ogre
   215 | D        | Killed an ogre
   215 | D        | Killed an ice beast
   215 | D        | Reached **** piety under Trog
   216 | D        | Reached skill level 9 in Axes
   216 | D        | Reached skill level 5 in Armour
   216 | D        | Reached XP level 3. HP: 13/41 MP: 2/2
   216 | D        | Reached XP level 4. HP: 15/49 MP: 3/3
   216 | D        | Reached XP level 5. HP: 18/56 MP: 4/4
   216 | D        | Killed Menkaure
   217 | D        | Reached skill level 10 in Axes
   217 | D        | Reached skill level 5 in Dodging
   217 | D        | Reached XP level 6. HP: 21/66 MP: 5/5
   236 | D        | Reached skill level 10 in Fighting
   236 | D        | Reached skill level 11 in Axes
   238 | D        | Reached ***** piety under Trog
   505 | D        | Noticed a lindwurm
   511 | D        | Killed a lindwurm
   512 | D        | Reached skill level 13 in Axes
   512 | D        | Reached XP level 7. HP: 75/75 MP: 6/6
   661 | D        | Noticed Harold
   668 | D        | Reached XP level 8. HP: 83/83 MP: 7/7
   675 | D        | Killed Harold
   675 | D        | Received a gift from Trog
   676 | D        | Reached skill level 14 in Axes
   676 | D        | Reached skill level 10 in Armour
   869 | D        | Found a bloodstained altar of Trog.
   869 | D        | Found a shimmering blue altar of Sif Muna.
   869 | D        | Found a viscous altar of Jiyva.
   869 | D        | Found a hazy altar of Hepliaklqana.
   869 | D        | Found an opulent altar of Gozag.
   892 | D        | Noticed a lindwurm
   893 | D        | Noticed a red devil
   901 | D        | Killed a lindwurm
   902 | D        | Reached skill level 15 in Axes
   902 | D        | Reached XP level 9. HP: 66/94 MP: 8/8
   912 | D        | Killed a red devil
   931 | D        | Identified the +5 broad axe of the Immovable Bounties
                  | {flame, rElec} (Trog gifted it to you in the Dungeon)
   931 | D        | Received a gift from Trog
   935 | D        | Reached skill level 1 in Stealth
   961 | D        | Reached skill level 16 in Axes
  1187 | D        | Gained mutation: Your magical capacity is low. (-10% MP) [a
                  | neqoxec]
  1203 | D        | Noticed a deep troll
  1204 | D        | Noticed a vampire knight
  1209 | D        | Killed a deep troll
  1216 | D        | Killed a vampire knight
  1216 | D        | Reached ****** piety under Trog
  1217 | D        | Reached skill level 15 in Fighting
  1217 | D        | Reached skill level 17 in Axes
  1217 | D        | Reached XP level 10. HP: 105/105 MP: 8/8
  1349 | D        | Noticed an eidolon
  1350 | D        | Noticed a merfolk siren
  1357 | D        | Killed an eidolon
  1360 | D        | Killed a merfolk siren
  1360 | D        | Received a gift from Trog
  1400 | D        | Reached skill level 18 in Axes
  1403 | D        | Received a gift from Trog
  1407 | D        | Noticed a guardian serpent
  1412 | D        | Killed a guardian serpent
  1412 | D        | Noticed a sea snake
  1421 | D        | Killed a sea snake
  1422 | D        | Reached skill level 15 in Armour
  1823 | D        | Noticed a bog body
  1826 | D        | Killed a bog body
  1827 | D        | Reached XP level 11. HP: 105/114 MP: 8/8
  1833 | D        | Noticed a flayed ghost
  1833 | D        | Noticed a deep elf zephyrmancer
  1833 | D        | Received a gift from Trog
  1841 | D        | Killed a flayed ghost
  1842 | D        | Reached skill level 19 in Axes
  1844 | D        | Received a gift from Trog
  1848 | D        | Killed a deep elf zephyrmancer
  1849 | D        | Reached skill level 10 in Dodging
  2031 | D        | Noticed Erica
  2035 | D        | Killed Erica
  2035 | D        | Received a gift from Trog
  2042 | D        | Noticed a bog body
  2047 | D        | Killed a bog body
  2112 | D        | Noticed a bog body
  2119 | D        | Killed a bog body
  2120 | D        | Reached skill level 20 in Axes
  2481 | D        | Identified the +1 broad axe "Beastbane" {vorpal, rF+} (Trog
                  | gifted it to you in the Dungeon)
  2481 | D        | Received a gift from Trog
  2646 | D        | Noticed an alligator
  2652 | D        | Killed an alligator
  2655 | D        | Received a gift from Trog
  2778 | D        | Noticed an orc knight
  2787 | D        | Noticed a boulder beetle
  2788 | D        | Received a gift from Trog
  2797 | D        | Killed an orc knight
  2797 | D        | Received a gift from Trog
  2798 | D        | Reached XP level 12. HP: 128/128 MP: 9/9
  2812 | D        | Killed a boulder beetle
  2813 | D        | Reached skill level 21 in Axes
  3066 | D        | Noticed a sphinx
  3066 | D        | Noticed a purple draconian shifter
  3066 | D        | Noticed a death cob
  3066 | D        | Noticed a death cob
  3067 | D        | Found the +5 demon whip "Spellbinder" {antimagic, Will+}
  3076 | D        | Received a gift from Trog
  3079 | D        | Killed a sphinx
  3082 | D        | Mangled by a death cob

Illustrated notes

Levels and vault maps discovered:
D:        pitsprint [storerooms_1, entrance_room_1, metal_vault_5, armoury_2,
          mini_pit_1, grid_room_1, main_hall_1, silver_pit, the_coven_1,
          the_vestibule_1, steel_vault_3, golden_pit, hallway_of_sentries,
          crystal_vault_2, iron_vault_2, final_vault]

Skill      XL: |  1  2  3  4  5  6  7  8  9 10 11 12 |
---------------+-------------------------------------+-----
Fighting       | 4 8 9 11 12 13 15 16 18 19 | 19.5
Axes           | 4 9 10 13 15 17 18 20 21 | 21.6
Armour         | 5 6 9 11 13 15 17 | 17.5
Dodging        | 4 5 6 7 8 9 11 | 11.5
Stealth        | 1 2 3 |  3.2
Shields        | |  0.9

Action                   |  1- 3 |  4- 6 |  7- 9 | 10-12 || total
-------------------------+-------+-------+-------+-------++-------
Melee: Hand axe          |    19 |    33 |    19 |       ||    71
       Headbutt          |     4 |     4 |    12 |    30 ||    50
       War axe           |       |       |    12 |       ||    12
       Broad axe         |       |       |     9 |   115 ||   124
Invok: Berserk           |     1 |     1 |     4 |     6 ||    12
       Brothers in Arms  |       |       |     1 |     1 ||     2
  Use: Potion            |       |       |       |     3 ||     3
Armor: Animal skin       |     1 |       |       |       ||     1
       Chain mail        |     2 |    26 |     1 |       ||    29
       Scale mail        |       |       |    15 |    46 ||    61
Dodge: Dodged            |    13 |    20 |    20 |    69 ||   122
Block: Other             |       |       |       |     6 ||     6

Table legend: (Time is in decaauts)
 A = Elapsed time spent in this place.
 B = Non-inter-level travel time spent in this place.
 C = Inter-level travel time spent in this place.
 D = Time resting spent in this place.
 E = Time spent auto-exploring this place.
 F = Levels seen in this place.
 G = Mean time per level.
                   A        B        C        D        E       F      G
               +--------+--------+--------+--------+--------+-----+--------+
         Total |   3127 |   3127 |      0 |   2058 |    139 |   1 | 3127.0 |
       Dungeon |   3127 |   3127 |      0 |   2058 |    139 |   1 | 3127.0 |
               +--------+--------+--------+--------+--------+-----+--------+

Top non-repeatable levels by time:
       D: 3127 daAuts
